 Dungeon Crawl Stone Soup version 0.27-a0-156-gbcd94eb011 (webtiles) character file.

Game seed: 467965227366730242

118 HilariousDeathArtist the Vexing (level 5, -1/40 HPs)
             Began as a Gnoll Arcane Marksman on Jan 27, 2021.
             Was a Follower of Cheibriados.
             Slain by a centaur (4 damage)
             ... on level 2 of the Dungeon.
             The game lasted 00:01:57 (1502 turns).

HilariousDeathArtist the Vexing (GnAM)              Turns: 1502, Time: 00:01:58

Health: -1/40      AC: 10    Str: 13    XL:     5   Next: 2%
Magic:  0/9        EV:  4    Int: 16    God:    Cheibriados [*.....]
Gold:   108        SH:  0    Dex: 15    Spells: 7/10 levels left

rFire    . . .     SeeInvis .   k - +3 mace
rCold    . . .     Faith    .   (no shield)
rNeg     . . .     Spirit   +   o - +0 plate armour (curse)
rPois    .         Reflect  .   (no helmet)
rElec    .         Harm     .   (no cloak)
rCorr    .         Rampage  .   (no gloves)
Will     .....                  (no boots)
Stlth    ..........             g - amulet of guardian spirit {Spirit}
HPRegen  0.13/turn              (no ring)
MPRegen  0.11/turn              (no ring)

@: hasted, quick
A: distributed training, fangs 1, strong nose
a: Renounce Religion, Bend Time


You were on level 2 of the Dungeon.
You worshipped Cheibriados.
Cheibriados was aware of your devotion.
You visited 1 branch of the dungeon, and saw 2 of its levels.

You collected 108 gold pieces.

Inventory:

Hand Weapons
 a - a +0 shortbow
 b - a +2 dagger of holy wrath
   (You took it off a goblin on level 1 of the Dungeon)
 c - a +0 hand axe
   (You found it on level 1 of the Dungeon)
 k - a +3 mace (weapon)
   (You found it on level 1 of the Dungeon)
Missiles
 d - 62 arrows
Armour
 o - a cursed +0 plate armour (worn)
   (You found it on level 2 of the Dungeon)
Jewellery
 g - an amulet of guardian spirit (around neck) {Spirit}
   (You found it on level 1 of the Dungeon)
Scrolls
 e - a scroll of immolation {unknown}
 i - a scroll of teleportation {unknown}
 l - a scroll of noise {unknown}
 n - 2 scrolls of identify {unknown}
Potions
 j - a potion of heal wounds {unknown}


   Skills:
 + Level 2.8 Fighting
 + Level 1.3 Short Blades
 + Level 1.3 Long Blades
 + Level 1.3 Axes
 + Level 1.3 Maces & Flails
 + Level 1.3 Polearms
 + Level 1.3 Staves
 + Level 1.3 Slings
 + Level 4.7 Bows
 + Level 1.3 Crossbows
 + Level 1.3 Throwing
 + Level 1.3 Armour
 + Level 4.7 Dodging
 + Level 1.3 Stealth
 + Level 1.3 Shields
 + Level 1.3 Unarmed Combat
 + Level 3.1 Spellcasting
 + Level 1.0 Conjurations
 + Level 5.5 Hexes
 + Level 1.0 Summonings
 + Level 1.0 Necromancy
 + Level 1.0 Translocations
 + Level 1.0 Transmutations
 + Level 1.0 Fire Magic
 + Level 1.0 Ice Magic
 + Level 1.0 Air Magic
 + Level 1.0 Earth Magic
 + Level 1.0 Poison Magic
 + Level 1.4 Invocations
 + Level 1.3 Evocations


You had 7 spell levels left.
You knew the following spells:

 Your Spells              Type           Power        Failure   Level
s - Slow                  Hex            20%          99%         2
v - Corona                Hex            22%          97%         1

Your spell library contained the following spells:

 Spells                   Type           Power        Failure   Level
 Inner Flame              Hex/Fire       13%          100%        3
 Portal Projectile        Hex/Tloc       26%          100%        3
 Cause Fear               Hex            10%          100%        4
 Leda's Liquefaction      Hex/Erth       6%           100%        4


Dungeon Overview and Level Annotations

Branches:
Dungeon (2/15)

Altars:
Cheibriados


Innate Abilities, Weirdness & Mutations

Your experience applies equally to all skills.
You have very sharp teeth.
Your uncanny sense of smell can sniff out nearby items.


Message History

You are too injured to fight recklessly!
You are too injured to fight recklessly!
You are too injured to fight recklessly!
You are too injured to fight recklessly!
You hit the adder.
The adder bites you but does no damage. x2
You closely miss the adder. The adder bites you but does no damage.
A ball python comes into view.
The adder bites you.
You are more poisoned.
The adder poisons you!
You now have 6/8 mp.
The ball python hisses angrily.
You hit the adder. Your bite misses the adder.
You feel sick. The adder bites you but does no damage. The adder bites you.
You take 1 damage, and have 17/34 hp.
You now have 5/8 mp.
You thump the adder!
You kill the adder!
Cheibriados appreciates the change of pace.
You feel sick.
You take 1 damage, and have 16/34 hp.
You hit the hobgoblin. The hobgoblin hits you.
The ball python bites you but does no damage.
The ball python grabs you. The ball python constricts you.
The hobgoblin hits you but does no damage.
The ball python bites you. The ball python constricts you.
You take 3 damage, and have 13/34 hp.
You now have 4/8 mp.
You closely miss the ball python.
You feel sick.
The ball python bites you but does no damage.
The ball python constricts you.
The hobgoblin drinks a potion.
The hobgoblin is healed!
You take 1 damage, and have 12/34 hp.
You sock the ball python!
You kill the ball python!
Cheibriados appreciates the change of pace.
The hobgoblin hits you but does no damage.
You hit the hobgoblin.
You kill the hobgoblin!
Cheibriados appreciates the change of pace.
You feel sick. The kobold hits you.
You now have 4/8 mp.
You hit the kobold but do no damage. The kobold barely misses you.
You hit the kobold.
You kill the kobold!
Cheibriados appreciates the change of pace.
You have reached level 5!
You regained 2 hp, and now have 14/40 hp.
You sock the rat!
You kill the rat!
Cheibriados appreciates the change of pace.
You feel sick.
The hobgoblin hits you but does no damage.
You take 1 damage, and have 13/40 hp.
You barely miss the hobgoblin.
The hobgoblin hits you but does no damage.
You closely miss the hobgoblin.
You bite the hobgoblin, but do no damage.
The hobgoblin hits you but does no damage.
You sock the hobgoblin!
You kill the hobgoblin!
Cheibriados thoroughly appreciates the change of pace.
You feel sick.
You take 1 damage, and have 13/40 hp.
e - a scroll labelled PIAPUFAAST You now have 108 gold pieces (gained 33).
Items here: ( ††††.
You start resting.
A centaur comes into view.
A centaur is nearby!
A centaur is nearby!
A centaur is nearby!
You feel sick.
The centaur shouts!
The centaur wields a +0 shortbow.
The centaur shoots an arrow.
The arrow hits you.
* * * LOW HITPOINT WARNING * * *
The centaur shoots an arrow.
The arrow hits you!
* * * LOW HITPOINT WARNING * * *
You take 9 damage, and have 4/40 hp.
MASSIVE DAMAGE!!
You now have 3/9 mp.
It was a potion of haste.
You feel yourself speed up.
Cheibriados forgives your accidental hurry, just this once.
You feel better.
You regained 9 hp, and now have 14/40 hp.
The centaur unwields a +0 shortbow.
The centaur barely misses you.
You hit the centaur. The centaur hits you. The centaur barely misses you.
You take 1 damage, and have 13/40 hp.
You now have 3/9 mp.
You sock the centaur!
The centaur hits you but does no damage.
You sock the centaur!
The centaur hits you but does no damage.
You hit the centaur but do no damage. The centaur hits you!
* * * LOW HITPOINT WARNING * * *
You take 6 damage, and have 7/40 hp.
You now have 2/9 mp.
You hit the centaur. The centaur hits you.
* * * LOW HITPOINT WARNING * * *
The centaur hits you.
You die...

#.. . # ## ..# .#
.!##. ...# ..#
....[# #.... ..#
......####....#.
##.. #....)..#
..# ...
#c@†.#..#..
..#†#####
#(#........
........####
##.##.......
####.##..[.###..#
#......
#.#####.....##
#..... #...
###.### .....
###.## #..## ....
#..####...# ...
##......#......
..[


You could see a centaur.

Vanquished Creatures
  3 gnolls
  2 adders (D:2)
  2 oozes (D:1)
  2 worms
  A leopard gecko (D:1)
  2 giant cockroaches (D:1)
  11 goblins
  6 hobgoblins
  5 jackals (D:1)
  3 ball pythons
  5 bats (D:1)
  3 frilled lizards (D:1)
  4 kobolds
  6 rats
55 creatures vanquished.

Notes
Turn   | Place    | Note
-------+----------+-------------------------------------------
     0 | D:1      | HilariousDeathArtist the Gnoll Arcane Marksman began the
                  | quest for the Orb.
     0 | D:1      | Reached XP level 1. HP: 17/17 MP: 4/4
    40 | D:1      | Reached XP level 2. HP: 12/23 MP: 5/5
   230 | D:1      | Learned a level 2 spell: Slow
   332 | D:1      | Found a snail-covered altar of Cheibriados.
   345 | D:1      | Became a worshipper of Cheibriados the Contemplative
   394 | D:1      | Reached XP level 3. HP: 22/28 MP: 7/7
   845 | D:1      | Reached * piety under Cheibriados
   852 | D:1      | Reached skill level 1 in Invocations
   995 | D:1      | Reached skill level 1 in Short Blades
   995 | D:1      | Reached skill level 1 in Long Blades
   995 | D:1      | Reached skill level 1 in Axes
   995 | D:1      | Reached skill level 1 in Maces & Flails
   995 | D:1      | Reached skill level 1 in Polearms
   995 | D:1      | Reached skill level 1 in Staves
   995 | D:1      | Reached skill level 1 in Slings
   995 | D:1      | Reached skill level 1 in Crossbows
   995 | D:1      | Reached skill level 1 in Throwing
   995 | D:1      | Reached skill level 1 in Armour
   995 | D:1      | Reached skill level 1 in Stealth
   995 | D:1      | Reached skill level 1 in Shields
   995 | D:1      | Reached skill level 1 in Unarmed Combat
   995 | D:1      | Reached skill level 1 in Evocations
  1055 | D:2      | Reached XP level 4. HP: 34/34 MP: 8/8
  1104 | D:1      | Reached skill level 3 in Spellcasting
  1308 | D:2      | Reached skill level 1 in Conjurations
  1308 | D:2      | Reached skill level 1 in Summonings
  1308 | D:2      | Reached skill level 1 in Necromancy
  1308 | D:2      | Reached skill level 1 in Translocations
  1308 | D:2      | Reached skill level 1 in Transmutations
  1308 | D:2      | Reached skill level 1 in Fire Magic
  1308 | D:2      | Reached skill level 1 in Ice Magic
  1308 | D:2      | Reached skill level 1 in Air Magic
  1308 | D:2      | Reached skill level 1 in Earth Magic
  1308 | D:2      | Reached skill level 1 in Poison Magic
  1486 | D:2      | Reached XP level 5. HP: 14/40 MP: 4/9
  1492 | D:2      | Noticed a centaur
  1493 | D:2      | HP: 4/40 [centaur/arrow (7)]
  1501 | D:2      | HP: 7/40 [centaur (6)]
  1502 | D:2      | HP: 3/40 [centaur (4)]
  1502 | D:2      | Slain by a centaur

Illustrated notes

Levels and vault maps discovered:
D:1:      saegor_arrival_miasma, layout_basic, st_stairs_4, chequers_arboretum,
          cheibriados_altar_1
D:2:      layout_rooms, minmay_tromino_v4_b

Skill      XL: |  1  2  3  4 |
---------------+-------------+-----
Invocations    | 1 |  1.4
Short Blades   | 1 |  1.3
Long Blades    | 1 |  1.3
Axes           | 1 |  1.3
Maces & Flails | 1 |  1.3
Polearms       | 1 |  1.3
Staves         | 1 |  1.3
Slings         | 1 |  1.3
Crossbows      | 1 |  1.3
Throwing       | 1 |  1.3
Armour         | 1 |  1.3
Stealth        | 1 |  1.3
Shields        | 1 |  1.3
Unarmed Combat | 1 |  1.3
Evocations     | 1 |  1.3
Spellcasting   | 3 |  3.1
Conjurations   | 1 |  1.0
Summonings     | 1 |  1.0
Necromancy     | 1 |  1.0
Translocations | 1 |  1.0
Transmutations | 1 |  1.0
Fire Magic     | 1 |  1.0
Ice Magic      | 1 |  1.0
Air Magic      | 1 |  1.0
Earth Magic    | 1 |  1.0
Poison Magic   | 1 |  1.0
Fighting       | |  2.8
Bows           | |  4.7
Dodging        | |  4.7
Hexes          | |  5.5

Action                   |  1- 3 |  4- 6 || total
-------------------------+-------+-------++-------
Melee: Dagger            |    77 |       ||    77
       Hand axe          |    11 |       ||    11
       Bite              |    11 |     9 ||    20
       Mace              |    23 |    59 ||    82
 Fire: Shortbow          |    18 |       ||    18
  Use: Potion            |       |     2 ||     2
Armor: Robe              |     8 |       ||     8
       Chain mail        |    73 |     8 ||    81
       Plate armour      |       |    44 ||    44
Dodge: Dodged            |    53 |    23 ||    76

Table legend: (Time is in decaauts)
 A = Elapsed time spent in this place.
 B = Non-inter-level travel time spent in this place.
 C = Inter-level travel time spent in this place.
 D = Time resting spent in this place.
 E = Time spent auto-exploring this place.
 F = Levels seen in this place.
 G = Mean time per level.
                   A        B        C        D        E       F      G
               +--------+--------+--------+--------+--------+-----+--------+
         Total |   1685 |   1614 |     71 |    462 |    757 |   2 |  842.5 |
       Dungeon |   1685 |   1614 |     71 |    462 |    757 |   2 |  842.5 |
               +--------+--------+--------+--------+--------+-----+--------+

Top non-repeatable levels by time:
     D:1: 1414 daAuts
     D:2: 271 daAuts

Table legend:
 A = Kills in this place as a percentage of kills in entire the game.
 B = Kills by you in this place as a percentage of kills by you in the entire game.
 C = Kills by friends in this place as a percentage of kills by friends in the entire game.
 D = Other kills in this place as a percentage of other kills in the entire game.
 E = Experience gained in this place as a percentage of experience gained in the entire game.
 F = Experience gained in this place divided by the number of levels of this place that you have seen.
                   A       B       C       D       E      F
               +-------+-------+-------+-------+-------+----------------------
         Total | 100.0 | 100.0 |   N/A |   N/A | 100.0 |  84.5
       Dungeon | 100.0 | 100.0 |   N/A |   N/A | 100.0 |  84.5
               +-------+-------+-------+-------+-------+----------------------
